 Dungeon Crawl Stone Soup version 0.20.1-1-g8b1a95d (webtiles) character file.

26 dohliylev the Stinger (level 3, 0/21 HPs)
             Began as an Octopode Venom Mage on Aug 9, 2017.
             Slain by Natasha (1 damage)
             ... on level 2 of the Dungeon.
             The game lasted 00:05:34 (916 turns).

dohliylev the Stinger (Octopode Venom Mage)          Turns: 916, Time: 00:05:34

Health: 0/21       AC:  1    Str:  7    XL:     3   Next: 8%
Magic:  1/6        EV: 13    Int: 18    God:
Gold:   18         SH:  0    Dex: 12    Spells: 3/6 levels left

rFire    . . .     SeeInvis .   (no weapon)
rCold    . . .     Gourm    .   (no shield)
rNeg     . . .     Faith    +   (helmet restricted)
rPois    .         Spirit   .   f - amulet of faith
rElec    .         Reflect  .   (no ring)
rCorr    .         Harm     .   (no ring)
MR       .....                  (no ring)
Stlth    +++.......             (no ring)
Regen    0.1/turn               (no ring)
MPRegen  0.1/turn               (no ring)
                                (no ring)
                                (no ring)

@: no status effects
A: almost no armour, stealthy swim, amphibious, 8 rings, constrict 8, camouflage
1, gelatinous body 1
a: no special abilities


You were on level 2 of the Dungeon.
You were not hungry.

You visited 1 branch of the dungeon, and saw 2 of its levels.

You collected 18 gold pieces.

Inventory:

Jewellery
 f - an amulet of faith (around mantle)
Scrolls
 c - 2 scrolls of enchant armour {unknown}
 e - 2 scrolls of identify {unknown}
 g - a scroll of remove curse {unknown}
 h - a scroll of teleportation {unknown}
Potions
 i - a potion of ambrosia {unknown}
Books
 a - a Young Poisoner's Handbook

   Spells                             Type                      Level
   a - Sting                          Conjuration/Poison           1
   b - Poisonous Vapours              Poison/Air                   2
   c - Mephitic Cloud                 Conjuration/Poison/Air       3
   d - Olgreb's Toxic Radiance        Poison                       4
   e - Venom Bolt                     Conjuration/Poison           5
Comestibles
 b - 2 bread rations
 d - a chunk of flesh


   Skills:
 + Level 2.2 Dodging
 - Level 2.6 Stealth
 + Level 2.3 Spellcasting
 + Level 1.1 Conjurations
 + Level 4.3 Poison Magic


You had 3 spell levels left.
You knew the following spells:

 Your Spells              Type           Power        Failure   Level  Hunger
a - Sting                 Conj/Pois      ##..         5%          1    #......
b - Poisonous Vapours     Pois/Air       ##....       11%         2    ##.....


Dungeon Overview and Level Annotations

Branches:
Dungeon (2/15)

Altars:

Annotations:
D:2 Natasha


Innate Abilities, Weirdness & Mutations

You cannot wear most types of armour.
You are very stealthy in the water. (Stealth+)
You are amphibious.
You can wear up to eight rings at the same time.
You can use your tentacles to constrict eight enemies at once.
Your skin changes colour to match your surroundings (Stealth+).
Your rubbery body absorbs attacks. (AC +1, EV +1)


Message History

Natasha casts a spell at you. The magic dart hits you!
Casting: Poisonous Vapours
Confirm with . or Enter, or press ? or * to list all spells.
Aiming: Poisonous Vapours
Press: ? - help, Dir - move target cursor, f - Natasha
Aim: Natasha (fast) Poisonous vapours surround Natasha!
Natasha is poisoned.
Natasha claws you.
You closely miss Natasha. Your grab misses Natasha. You squeeze Natasha!
Natasha is severely wounded.
Natasha casts a spell at you. The magic dart hits you!
* * * LOW HITPOINT WARNING * * *
Natasha closely misses you.
You closely miss Natasha. Your grab misses Natasha.
You squeeze Natasha, but do no damage.
Natasha is severely wounded.
Natasha claws you.
You die...

## . ##### .#
...(.#########.###
........@h.(..#.>
####.....###.#.###
#..#### #.....# #..#
###.#.## # ######..####
#.h..##.## #.......w..#
#.......h.
..!###..##.######...##.%
#..##.w...<........#
#..#########...###.#


You could see Natasha.

Vanquished Creatures
  A dart slug (D:1)
  A leopard gecko (D:1)
  3 giant cockroaches (D:1)
  3 goblins (D:1)
  2 hobgoblins (D:1)
  3 kobolds (D:1)
  4 bats (D:1)
  2 frilled lizards (D:1)
  4 rats (D:1)
23 creatures vanquished.

Notes
Turn   | Place    | Note
-------+----------+-------------------------------------------
     0 | D:1      | dohliylev the Octopode Venom Mage began the quest for the Orb.
     0 | D:1      | Reached XP level 1. HP: 11/11 MP: 3/3
   245 | D:1      | Reached skill level 4 in Poison Magic
   245 | D:1      | Reached XP level 2. HP: 3/17 MP: 0/5
   396 | D:1      | Learned a level 2 spell: Poisonous Vapours
   761 | D:1      | Reached XP level 3. HP: 21/21 MP: 3/6
   901 | D:2      | Noticed Natasha
   915 | D:2      | HP: 1/21 [Natasha/magic dart (6)]
   916 | D:2      | Slain by Natasha

Skill      XL: |  1 |
---------------+----+-----
Poison Magic   | 4 |  4.3
Dodging        | |  2.2
Stealth        | |  2.6
Spellcasting   | |  2.3
Conjurations   | |  1.1

Action                   || total
-------------------------++-------
Melee: Unarmed           ||    20
       Constrict         ||     4
       Tentacles         ||     5
 Cast: Sting             ||    13
       Poisonous Vapours ||    15
 Stab: Sleeping          ||     3
  Eat: Chunk             ||     1
Armor: Skin              ||     1
Dodge: Dodged            ||    20
